 Dungeon Crawl Stone Soup version 0.30-a0-802-gb92711bcdf (webtiles) character file.

Game seed: 8227764086630315618

64 cheesebisquit the Chopper (level 3, 31/31 HPs)
             Began as a Minotaur Fighter on Feb 23, 2023.
             Was a Follower of Nemelex Xobeh.
             Quit the game on level 2 of the Dungeon.
             The game lasted 00:04:27 (1767 turns).

cheesebisquit the Chopper (Minotaur Fighter)        Turns: 1767, Time: 00:04:28

Health: 31/31      AC:  6    Str: 22    XL:     3   Next: 91%
Magic:  2/2        EV:  9    Int:  5    God:    Nemelex Xobeh [*.....]
Gold:   86         SH:  4    Dex:  9    Spells: 2/2 levels left

rFire   . . .      SeeInvis .    a - +0 war axe
rCold   . . .      Faith    .    c - +0 buckler
rNeg    . . .      Spirit   .    b - +0 scale mail
rPois   .          Reflect  .    (helmet restricted)
rElec   .          Harm     .    (no cloak)
rCorr   .          Rampage  .    (no gloves)
Will    .....                    (no boots) Stlth
                                 (no amulet)
HPRegen 0.25/turn                (no ring)
MPRegen 0.08/turn                (no ring)

@: no status effects
A: horns 2, retaliatory headbutt
a: Renounce Religion, Draw Escape, Draw Destruction, Draw Summoning


You were on level 2 of the Dungeon.
You worshipped Nemelex Xobeh.
Nemelex Xobeh was aware of your devotion.
You visited 1 branch of the dungeon, and saw 2 of its levels.

You collected 86 gold pieces.

Inventory:

Hand Weapons
 a - a +0 war axe (weapon)
Missiles
 j - 3 poisoned darts (quivered)
Armour
 b - a +0 scale mail (worn)
 c - a +0 buckler (worn)
Scrolls
 e - a scroll of fear {unknown}
 f - a scroll of magic mapping {unknown}
 h - 3 scrolls of identify {unknown}
 i - a scroll of teleportation {unknown}
Potions
 d - 2 potions of might
 g - 3 potions of mutation {unknown}
 k - a potion of lignification {unknown}
 l - a potion of curing {unknown}
 m - a potion of brilliance {unknown}


   Skills:
 - Level 3.6 Fighting
 + Level 5.2 Axes
 - Level 3.6 Armour
 - Level 3.6 Shields


You had 2 spell levels left.
You didn't know any spells.
Your spell library was empty.

Dungeon Overview and Level Annotations

Branches:
Dungeon (2/15)

Altars:
Nemelex Xobeh


Innate Abilities, Weirdness & Mutations

You have a pair of horns on your head.
You reflexively headbutt those who attack you in melee.


Message History

The quokka bites you but does no damage.
You slash the quokka!
You kill the quokka!
No target in view!
m - a cyan potion An endoplasm comes into view.
The endoplasm quivers.
An endoplasm is nearby!
The endoplasm hits you but does no damage.
You slash the endoplasm!
You kill the endoplasm!
No target in view!
Found 5 stones.
A rat comes into view.
You slash the rat!
You kill the rat!
No target in view!
Found 8 stones.
You see here 8 stones.
Found an escape hatch in the floor.
There is an escape hatch in the floor here.
g - 3 sedimented grey potions (gained 2) Done exploring.
Done exploring.
Search for what [Enter for "."]? .
There is a faded altar of an unknown god here.
This altar belongs to (a) Nemelex Xobeh, (b) Qazlal or (c) Hepliaklqana, but you can't tell which.
Press the corresponding letter to learn more about a god, or press enter to convert or escape to cancel.
Okay, then.
This altar belongs to (a) Nemelex Xobeh, (b) Qazlal or (c) Hepliaklqana, but you can't tell which.
Press the corresponding letter to learn more about a god, or press enter to convert or escape to cancel.
Nemelex Xobeh accepts your prayer! Nemelex Xobeh welcomes you!
You can now draw from decks of power.
Nemelex will now gift you decks of power as you gain piety.
Okay, then.
Done exploring.
There is a stone staircase leading down here.
Are you sure you want to abandon this character and quit the game? (Confirm with "yes".)
Okay, then.
Okay, then.
Are you sure you want to abandon this character and quit the game? (Confirm with "yes".)

###.###.###..# #.# #.#
#......P..#..# #.# #.#
#.#.#.#.#.#..# #.# #.#
#......P..#..# #.######.#####
###.###.###.####.##.........#
#..P._....#....#.##.........#
###.###.###.##.#.##.........#
#...(.....#.##.#.)..........#
#.#.#.#.#.#.....@.###########
#.........#......##
###.###.###......#
#.........#......#
............##.###
..........####.# #.........#
#.# #.........# #.#
..........# #.#


There were no monsters in sight!

Vanquished Creatures
  An adder (D:2)
  A worm (D:2)
  9 endoplasms
  2 giant cockroaches
  5 goblins
  3 hobgoblins (D:1)
  7 kobolds
  3 quokkas
  4 ball pythons
  7 bats
  A frilled lizard (D:1)
  5 rats
48 creatures vanquished.

Vanquished Creatures (others)
  2 fungi (D:2)
  6 plants (D:2)
8 creatures vanquished.

Grand Total: 56 creatures vanquished

Notes
Turn   | Place    | Note
-------+----------+-------------------------------------------
     0 | D:1      | cheesebisquit the Minotaur Fighter began the quest for the
                  | Orb.
     0 | D:1      | Reached XP level 1. HP: 19/19 MP: 0/0
    59 | D:1      | Reached skill level 3 in Axes
    90 | D:1      | Reached XP level 2. HP: 21/26 MP: 1/1
   254 | D:1      | Reached skill level 4 in Axes
   657 | D:1      | Reached XP level 3. HP: 26/31 MP: 2/2
  1313 | D:2      | Reached skill level 5 in Axes
  1419 | D:2      | Found a faded altar of an unknown god.
  1751 | D:2      | Prayed at the altar of an unknown god.
  1751 | D:2      | Became a worshipper of Nemelex Xobeh the Trickster
  1751 | D:2      | Reached * piety under Nemelex Xobeh
  1767 | D:2      | Quit the game

Illustrated notes

Levels and vault maps discovered:
D:1:      amcnicky_arrival_gap_in_the_tavern_cellar, layout_basic
D:2:      layout_basic, shapermc_ecumenical_altar_mp_urbaneastern

Skill      XL: |  1  2  3 |
---------------+----------+-----
Axes           | 3 4 5 |  5.2
Fighting       | |  3.6
Armour         | |  3.6
Shields        | |  3.6

Action                     || total
---------------------------++-------
  Melee: War axe           ||    83
         Headbutt          ||     8
 Armour: Scale mail        ||    36
  Dodge: Dodged            ||    47
  Block: Buckler           ||    16

Table legend: (Time is in decaauts)
 A = Elapsed time spent in this place.
 B = Non-inter-level travel time spent in this place.
 C = Inter-level travel time spent in this place.
 D = Time resting spent in this place.
 E = Time spent auto-exploring this place.
 F = Levels seen in this place.
 G = Mean time per level.
                   A        B        C        D        E       F      G
               +--------+--------+--------+--------+--------+-----+--------+
         Total |   1792 |   1680 |    112 |      0 |   1406 |   2 |  896.0 |
       Dungeon |   1792 |   1680 |    112 |      0 |   1406 |   2 |  896.0 |
               +--------+--------+--------+--------+--------+-----+--------+

Top non-repeatable levels by time:
     D:1: 980 daAuts
     D:2: 812 daAuts
